 Dungeon Crawl Stone Soup version 0.20-a0-1018-ge435b50 (webtiles) character file.

42 roguesci the Insei (level 3, 0/18 HPs)
             Began as a Vine Stalker Transmuter on Apr 17, 2017.
             Slain by a worm (4 damage)
             ... on level 1 of the Dungeon.
             The game lasted 00:06:27 (1697 turns).

roguesci the Insei (Vine Stalker Transmuter)        Turns: 1697, Time: 00:06:27

Health: 0/18       AC:  3    Str: 10 (13) XL:     3   Next: 56%
Magic:  0/7        EV: 11    Int: 10 (13) God:
Gold:   26         SH:  0    Dex: 11 (14) Spells: 5/6 levels left

rFire    . . .     SeeInvis .     - Unarmed
rCold    . . .     Gourm    .   (no shield)
rNeg     . . .     Faith    .   g - +0 leather armour
rPois    .         Spirit   +   (no helmet)
rElec    .         Reflect  .   (no cloak)
rCorr    .         Harm     .   (no gloves)
MR       .....                  (no boots)
Stlth    +++.......             (no amulet)
Regen    0.1/turn               h - ring of stealth
MPRegen  0.1/turn               (no ring)

@: appendage (expiring), very slightly contaminated
A: fangs 2, horns 2, magic shield, antimagic bite, no potion heal 3, rot
immunity
a: End Transformation


You were on level 1 of the Dungeon.
You were not hungry.
You had grown temporary horns.
You visited 1 branch of the dungeon, and saw 2 of its levels.

You collected 26 gold pieces.

Inventory:

Missiles
 a - 12 arrows
 s - 52 stones (quivered)
Armour
 b - a +0 robe
 g - a +0 leather armour (worn)
Jewellery
 h - a ring of stealth (left hand)
 r - an uncursed ring of flight {unknown}
Scrolls
 e - a scroll of remove curse {unknown}
 p - a scroll of teleportation {unknown}
 q - a scroll of fog {unknown}
Potions
 o - a potion of magic {unknown}
Books
 c - a book of Changes

   Spells                             Type                      Level
   a - Beastly Appendage              Transmutation                1
   b - Sticks to Snakes               Transmutation                2
   c - Spider Form                    Transmutation/Poison         3
   d - Ice Form                       Ice/Transmutation            4
   e - Blade Hands                    Transmutation                5
Comestibles
 d - a bread ration
 f - a meat ration
 i - 2 chunks of flesh


   Skills:
 * Level 1.7 Fighting
 + Level 1.8 Dodging
 * Level 2.3 Stealth
 - Level 3.0 Unarmed Combat
 + Level 2.3 Spellcasting
 + Level 2.2 Transmutations


You had 5 spell levels left.
You knew the following spells:

 Your Spells              Type           Power        Failure   Level  Hunger
a - Beastly Appendage     Tmut           #.....       21%         1    ##.....


Dungeon Overview and Level Annotations

Branches:
Dungeon (2/15)

Altars:

Annotations:
D:2 Natasha


Innate Abilities, Weirdness & Mutations

You have extremely sharp teeth.
When hurt, damage is shared between your health and your magic reserves.
Your bite disrupts and absorbs the magic of your enemies.
Potions cannot restore your health.
You are immune to rotting.
You have a pair of horns on your head.


Message History

You kill the goblin!
Your transformation is almost over.
The worm bites you.
You see here a goblin corpse.
You hit the worm. You bite the worm. You drain its power.
The worm is moderately wounded.
You hit the worm.
The worm is heavily wounded.
The worm bites you!
You hit the worm.
The worm is heavily wounded.
You hit the worm but do no damage. You bite the worm. You drain its power.
You feel invigorated.
The worm is severely wounded.
The worm bites you!
* * * LOW HITPOINT WARNING * * *
You barely miss the worm. Your bite misses the worm.
The worm is severely wounded.
The worm bites you!
You die...

######## #.#..#.#####.#####
#......# ###.#....#.........#
#......# #....#.#.....#.....#
#......# #.#..#.....#.#.....#
#......###.#..........#..>..#
#......#..........#####.....#
#......#.#.##.###.# #.....#
#........#.##.###'#####.....#
######.....##.@w......#######
####..#######..>....# ##.....#
#.......#### #>...#.#
#..........# #....#.#
#.......##)#
#....#.################.######
##'###.......#..#.............
#.#########.#.#............).
#.........#.##.......#.#.....


You could see a worm.

Vanquished Creatures
  An adder (D:1)
  An ooze (D:1)
  A dart slug (D:1)
  A leopard gecko (D:1)
  2 bats (D:1)
  6 goblins (D:1)
  4 hobgoblins (D:1)
  4 kobolds
  A frilled lizard (D:1)
  4 rats
25 creatures vanquished.

Notes
Turn   | Place    | Note
-------+----------+-------------------------------------------
     0 | D:1      | roguesci the Vine Stalker Transmuter began the quest for the Orb.
     0 | D:1      | Reached XP level 1. HP: 9/9 MP: 4/4
    65 | D:1      | Reached skill level 1 in Fighting
   113 | D:1      | Reached skill level 1 in Stealth
   217 | D:1      | Reached XP level 2. HP: 14/14 MP: 4/6
  1076 | D:2      | Noticed Natasha
  1207 | D:1      | Reached XP level 3. HP: 7/18 MP: 7/7
  1697 | D:1      | Slain by a worm

Vault maps used:
D:1:      matt_arrival_grand_opening, serial_bayou_crossing
D:2:      kb_forest_paths, minmay_pentomino_w4, uniq_natasha, uniq_robin

Skill      XL: |  1  2 |
---------------+-------+-----
Fighting       | 1 |  1.7
Stealth        | 1 2 |  2.3
Dodging        | |  1.8
Unarmed Combat | |  3.0
Spellcasting   | |  2.3
Transmutations | |  2.2

Action                   || total
-------------------------++-------
Melee: Unarmed           ||    77
       Bite              ||    12
       Punch             ||     3
       Kick              ||     2
       Headbutt          ||     1
       Short sword       ||     8
 Cast: Beastly Appendage ||     7
  Use: Potion            ||     5
 Stab: Sleeping          ||     6
  Eat: Chunk             ||     3
Armor: Leather armour    ||    16
Dodge: Dodged            ||    41
